 Dungeon Crawl Stone Soup version 0.17-a0-1941-gcc30b76 (webtiles) character file.

777 Kuldar the Thaumaturge (level 7, -10/36 HPs)
             Began as a Deep Elf Wizard on Sept 30, 2015.
             Killed by divine providence
             ... invoked by an orc priest
              (14 damage)
             ... on level 6 of the Dungeon.
             The game lasted 00:18:48 (4217 turns).

Kuldar the Thaumaturge (Deep Elf Wizard)            Turns: 4217, Time: 00:18:50

Health: -10/36     AC:  4    Str:  4    XL:     7   Next: 54%
Magic:  14/20      EV: 13    Int: 25    God:
Gold:   221        SH:  0    Dex: 15    Spells: 5 memorised, 11 levels left

rFire  . . .     SeeInvis .     s - +7 hand axe of Judgement {chop, Dex+2}
rCold  . . .     Clarity  .     a - +0 robe
rNeg   . . .     SustAt   .     (no shield)
rPois  .         Gourm    .     b - +0 hat
rElec  .         Spirit   .     (no cloak)
rCorr  .         Warding  .     (no gloves)
rMut   .         Stasis   .     l - +1 pair of boots
MR     +....                    F - amulet of faith
Stlth  ++........               p - ring of protection from magic
                                (no ring)

@: somewhat resistant to hostile enchantments, unstealthy
A: no striking features
a: no special abilities


You were on level 6 of the Dungeon.
You were near starving.

You visited 1 branch of the dungeon, and saw 6 of its levels.

You collected 247 gold pieces.
You spent 26 gold pieces at shops.

Inventory:

Hand weapons
 f - a +2 short sword of holy wrath
 m - a +0 dagger of venom
 n - a +1 short sword of speed
 s - the +7 hand axe of Judgement (weapon) {chop, Dex+2}
   (You found it on level 5 of the Dungeon)

   It inflicts extra damage upon your enemies.
   It affects your dexterity (+2).
 t - a +2 short sword of venom
 y - a +1 dagger of protection
 A - a +0 short sword of protection
 C - a +0 trident of protection
 E - a +0 spear of venom
 J - a cursed -1 hand axe
Armour
 a - a +0 robe (worn)
 b - a +0 hat (worn)
 l - a +1 pair of boots (worn)
Jewellery
 p - a ring of protection from magic (right hand)
 u - an uncursed amulet of rage
 F - an amulet of faith (around neck)
Magical devices
 H - a wand of draining (9)
Scrolls
 e - 5 scrolls of magic mapping
 i - a scroll of fear {unknown}
 j - a scroll of blinking
 o - 2 scrolls of teleportation
 r - 2 scrolls of identify
 v - 3 scrolls of remove curse
 D - a scroll of random uselessness {unknown}
Potions
 h - 3 potions of invisibility
 k - 2 potions of heal wounds {unknown}
 q - a potion of resistance {unknown}
 w - 2 potions of haste {unknown}
 x - a potion of cancellation {unknown}
 z - a potion of lignification {unknown}
 B - a potion of degeneration {unknown}
 K - 2 potions of might {unknown}
Books
 c - a book of Minor Magic

   Spells                             Type                      Level
   a - Magic Dart                     Conjuration                  1
   b - Blink                          Translocation                2
   c - Call Imp                       Summoning                    2
   d - Repel Missiles                 Charms/Air                   2
   e - Slow                           Hexes                        2
   f - Conjure Flame                  Conjuration/Fire             3
   g - Mephitic Cloud                 Conjuration/Poison/Air       3
 G - a book of Air

   Spells                             Type                      Level
   a - Shock                          Conjuration/Air              1
   b - Swiftness                      Charms/Air                   2
   c - Repel Missiles                 Charms/Air                   2
   d - Static Discharge               Conjuration/Air              3
   e - Lightning Bolt                 Conjuration/Air              5
Comestibles
 d - 2 bread rations
 g - 4 fruits
 I - a beef jerky


   Skills:
 - Level 2.4 Dodging
 - Level 2.4 Stealth
 * Level 8.4 Spellcasting
 * Level 6.1 Conjurations
 + Level 1.9 Charms
   Level 1.1 Summonings
 + Level 2.0 Translocations
 + Level 1.2 Air Magic
 + Level 1.2 Poison Magic


You had 11 spell levels left.
You knew the following spells:

 Your Spells              Type           Power        Failure   Level  Hunger
a - Magic Dart            Conj           ####         1%          1    None
b - Blink                 Tloc           N/A          4%          2    None
c - Repel Missiles        Chrm/Air       ###...       6%          2    None
e - Conjure Flame         Conj/Fire      ####....     6%          3    None
h - Mephitic Cloud        Conj/Pois/Air  ###.....     8%          3    None


Dungeon Overview and Level Annotations

Branches:
Dungeon (6/15)
 Temple: D:4-7

Altars:
Gozag

Shops:
D:4 =

Annotations:
D:3 Undrscore's ghost, average DsGl
D:4 Menkaure
D:5 katie03's ghost, experienced HaFi


Message History

Confirm with . or Enter, or press ? or * to list all spells.
You can't see any susceptible monsters within range! (Use Z to cast anyway.) Unknown command.
You start resting.
The orc priest shouts!
The orc priest shouts!
Things that are here:
a whip; an orc corpse
Casting: Magic Dart
Confirm with . or Enter, or press ? or * to list all spells.
Aiming: Mephitic Cloud
Press: ? - help, Shift-Dir - straight line, f - orc
Aim: an orc The ball explodes into a vile cloud!
The stinking cloud engulfs the orc.
The stinking cloud engulfs the orc priest.
You hear a shout!
The orc is engulfed in noxious fumes.
The orc appears confused.
The orc priest calls down the wrath of Beogh upon you.
Something smites you!
You die...

#.##.#.#
#.##.#.######
#.##........#
#.####.#..#.#
#.####.#.##.####
#..>......#.#..#...
###.###...#.#..'o..
#(##....#.####o...
#<#.....#@####.o..
#.#.....#..oo.o...
#.......####).....
######### #####


You could see an orc priest and 2 orcs.

Vanquished Creatures
  2 ogres
  An ice beast (D:5)
  2 scorpions
  A centaur zombie (D:5)
  A crimson imp (D:4)
  A jelly (D:6)
  A hound (D:5)
  An iguana (D:4)
  An orc priest (D:6)
  Jessica (D:3)
  A worker ant (D:4)
  2 hound zombies (D:5)
  A hound skeleton (D:4)
  3 gnolls (D:4)
  4 adders
  2 shadow imps
  An ooze (D:1)
  2 worms
  8 giant geckos
  10 orcs
  A ball python (D:5)
  7 bats
  6 hobgoblins
  7 jackals
  11 kobolds
  2 quokkas
  A giant cockroach (D:3)
  A giant gecko skeleton (D:4)
  6 giant newts
  8 goblins
  7 rats
103 creatures vanquished.

Vanquished Creatures (others)
  An orc wizard (D:6)
  An orc (D:6)
2 creatures vanquished.

Grand Total: 105 creatures vanquished

Notes
Turn   | Place    | Note
--------------------------------------------------------------
     0 | D:1      | Kuldar the Deep Elf Wizard began the quest for the Orb.
     0 | D:1      | Reached XP level 1. HP: 10/10 MP: 7/7
   242 | D:1      | Reached XP level 2. HP: 15/15 MP: 7/9
   759 | D:2      | Reached skill level 5 in Spellcasting
   759 | D:2      | Reached XP level 3. HP: 19/19 MP: 7/11
  1656 | D:2      | Learned a level 2 spell: Blink
  1659 | D:2      | Learned a level 2 spell: Repel Missiles
  1663 | D:2      | Learned a level 3 spell: Mephitic Cloud
  1667 | D:2      | Learned a level 3 spell: Conjure Flame
  1677 | D:3      | Reached XP level 4. HP: 22/24 MP: 1/13
  1765 | D:3      | Noticed Undrscore's ghost (average DsGl)
  1899 | D:3      | Noticed Jessica
  1913 | D:3      | Killed Jessica
  2040 | D:3      | Reached skill level 6 in Spellcasting
  2525 | D:4      | Reached XP level 5. HP: 26/28 MP: 8/15
  2748 | D:4      | Found Veobbip's Jewellery Shoppe.
  2921 | D:4      | Bought a cursed amulet of inaccuracy for 26 gold pieces
  2971 | D:4      | Found an opulent altar of Gozag.
  3011 | D:4      | Noticed Menkaure
  3011 | D:4      | Noticed an ogre
  3150 | D:4      | Reached skill level 7 in Spellcasting
  3150 | D:4      | Reached skill level 5 in Conjurations
  3150 | D:4      | Reached XP level 6. HP: 32/32 MP: 3/18
  3333 | D:4      | Killed an ogre
  3520 | D:5      | Entered Level 5 of the Dungeon
  3577 | D:5      | Got a bloodstained hand axe
  3603 | D:5      | Identified the +7 hand axe of Judgement {chop, Dex+2} (You found it on level 5 of the Dungeon)
  3621 | D:5      | Reached skill level 8 in Spellcasting
  3817 | D:5      | Reached XP level 7. HP: 36/36 MP: 15/20
  3978 | D:5      | Reached skill level 1 in Charms
  4119 | D:5      | Noticed katie03's ghost (experienced HaFi)
  4170 | D:6      | Reached skill level 1 in Poison Magic
  4172 | D:6      | Reached skill level 1 in Air Magic
  4217 | D:6      | Killed from afar by an orc priest

Vault maps used:
D:1:      lightli_arrival_statuegarden
D:3:      grunt_ministairs_15, uniq_jessica
D:4:      grunt_gozag_breadcrumbs, first_bread, serial_shops,
          nicolae_shop_trees, uniq_menkaure
D:5:      kennysheep_six_static_rooms, st_stairs_11
D:6:      lemuel_coloured_pillars_altar, kennysheep_mini,
          minmay_temple_entry_butterflies, corexii_checkpoint_a,
          patterned_corridor

Action                   |  1- 3 |  4- 6 |  7- 9 || total
-------------------------+-------+-------+-------++-------
Melee: Short sword       |     3 |    13 |       ||    16
       Trident           |       |     5 |       ||     5
       Hand axe          |       |     1 |     5 ||     6
 Cast: Magic Dart        |    93 |   138 |    19 ||   250
       Mephitic Cloud    |     1 |     3 |     3 ||     7
       Blink             |       |     2 |       ||     2
       Conjure Flame     |       |     4 |     2 ||     6
  Use: Scroll            |       |     6 |       ||     6
  Eat: Chunk             |     2 |     6 |       ||     8
